Map: Catalyst LE

Players

CatZ

  • Race: Zerg Zerg
  • League: Grandmaster
  • Spawn Location: 11:00

HalfBreed - Winner!

  • Race: Zerg Zerg
  • Spawn Location: 5:00

VOD

Have the link to the VOD?

Description

Time

  • Played on: Feb. 1, 2018, 2:29 p.m.
  • Length: 10:31
Show
View Real Time Build Order
Export as new Build Order

CatZ Zerg 

Build Orders: Pool First 

Get SALT Encoding   

  12  0:00  Drone  
  13  0:22  Spawning Pool  
  13  0:26  Drone  
  13  0:32  Drone  
  14  0:36  Drone, Extractor  
  15  0:45  Overlord  
  15  1:09  Zergling x4  
  15  1:10  Zergling x2  
  18  1:21  Hatchery, Zergling x2  
  18  1:31  Queen  
  20  1:36  Zergling x2  
  21  1:44  Overlord  
  21  1:53  Drone  
  22  2:04  Drone  
  23  2:09  Queen  
  23  2:14  Drone  
  26  2:27  Drone  
  27  2:33  Drone  
  27  2:34  Queen  
  27  2:35  Drone  
  32  2:44  Drone x4  
  32  2:51  Overlord  
  35  3:02  Queen, Extractor  
  36  3:10  Drone x3  
  36  3:12  Drone  
  40  3:15  Queen  
  40  3:18  Drone  
  44  3:20  Drone  
  44  3:30  Overlord  
  44  3:36  Overlord  
  44  3:43  Overlord  
  44  3:49  Drone x3  
  44  3:50  Drone x3  
  44  3:51  Drone  
  51  3:58  Evolution Chamber  
  51  4:02  Drone x4  
  54  4:11  Drone  
  54  4:12  Extractor  
  54  4:15  Pneumatized Carapace  
  54  4:18  Drone x2, Roach Warren  
  54  4:19  Drone  
  56  4:27  Drone  
  56  4:29  Extractor  
  56  4:35  Queen  
  58  4:43  Overlord  
  57  4:52  Zerg Missile Weapons Level 1  
  57  4:56  Overlord  
  57  4:57  Drone x2  
  59  5:03  Evolution Chamber, Drone  
  59  5:04  Roach x3  
  65  5:09  Overlord  
  65  5:10  Drone x3  
  65  5:13  Extractor  
  67  5:19  Roach x4  
  75  5:23  Drone x2  
  75  5:28  Lair  
  75  5:33  Roach  
  75  5:34  Overlord  
  77  5:37  Queen  
  77  5:39  Overlord  
  75  5:51  Roach  
  75  5:52  Roach x5  
  79  6:12  Drone  
  79  6:13  Drone, Spore Crawler  
  79  6:16  Spore Crawler, Queen  
  81  6:25  Overlord  
  81  6:27  Overlord  
  81  6:28  Overlord  
  81  6:29  Spore Crawler  
  80  6:39  Overlord  
  80  6:44  Spore Crawler, Overlord  
  80  6:45  Drone x2, Queen, Hydralisk Den  
  82  6:50  Tunneling Claws  
  82  6:51  Queen  
  76  7:20  Roach x2, Queen  
  82  7:28  Burrow  
  82  7:34  Drone x2  
  81  7:37  Drone x4  
  83  7:48  Drone x2  
  83  7:50  Drone  
  84  7:51  Hatchery  
  84  7:52  Spore Crawler  
  84  7:54  Spore Crawler  
  84  7:56  Spore Crawler, Queen  
  74  8:00  Spore Crawler  
  74  8:02  Hydralisk x3  
  74  8:03  Hydralisk  
  74  8:05  Lurker Den  
  80  8:19  Drone x3  
  83  8:21  Drone x3  
  83  8:22  Drone  
  83  8:25  Hydralisk x3  
  92  8:32  Queen  
  88  8:36  Drone x4  
  88  8:38  Queen  
  94  8:45  Overlord  
  94  8:49  Extractor  
  94  8:54  Hydralisk x2  
  97  9:07  Hydralisk x3  
  101  9:25  Hydralisk  
  97  9:40  Lurker  
  98  9:51  Hydralisk  
  76  10:01  Hydralisk x4  
  76  10:02  Hydralisk x5  
Show
View Real Time Build Order
Export as new Build Order

HalfBreed Zerg - Winner!

Build Orders: Pool First 

Get SALT Encoding   

  12  0:00  Drone  
  13  0:12  Overlord  
  13  0:17  Drone  
  14  0:30  Drone x2  
  14  0:34  Drone  
  17  0:44  Spawning Pool  
  17  0:48  Drone  
  17  0:56  Drone  
  18  1:12  Hatchery  
  18  1:13  Extractor  
  16  1:31  Zergling x6  
  16  1:32  Queen  
  21  1:45  Spine Crawler  
  20  1:50  Overlord  
  20  1:56  Zergling x2  
  21  2:02  Baneling Nest  
  20  2:12  Queen  
  22  2:19  Zergling x2  
  23  2:28  Drone x2  
  25  2:32  Drone  
  25  2:35  Drone  
  27  2:38  Drone  
  28  2:46  Drone x2  
  28  2:50  Drone  
  31  2:53  Baneling  
  31  2:55  Drone  
  32  3:00  Drone  
  32  3:01  Drone  
  34  3:06  Drone  
  35  3:15  Lair  
  35  3:17  Drone  
  36  3:28  Overlord  
  36  3:30  Overlord  
  36  3:36  Drone, Extractor  
  36  3:47  Drone x8  
  44  3:51  Drone  
  44  3:52  Extractor  
  44  3:55  Extractor  
  44  3:58  Drone x2  
  44  3:59  Drone  
  46  4:03  Drone  
  47  4:12  Spire  
  47  4:15  Drone x2  
  47  4:16  Drone  
  49  4:19  Drone  
  49  4:21  Drone  
  51  4:28  Drone  
  52  4:32  Overlord  
  52  4:44  Hatchery  
  51  4:51  Overlord  
  51  4:52  Drone x3  
  54  4:53  Overlord  
  54  5:08  Overlord  
  54  5:16  Zergling x2  
  54  5:17  Zergling x4  
  57  5:27  Mutalisk x6  
  57  5:28  Mutalisk  
  70  5:36  Mutalisk  
  70  5:42  Hatchery  
  67  5:56  Mutalisk x2  
  67  6:05  Mutalisk  
  69  6:13  Queen  
  69  6:18  Mutalisk  
  71  6:21  Drone  
  71  6:23  Roach Warren  
  71  6:24  Mutalisk  
  75  6:26  Overlord x3  
  75  6:32  Overlord  
  75  6:33  Drone  
  75  6:35  Spine Crawler  
  75  6:40  Mutalisk  
  75  6:42  Zerg Flyer Weapons Level 1  
  75  6:46  Drone x2  
  79  6:48  Queen  
  81  6:59  Drone x3  
  84  7:01  Overlord x2  
  84  7:02  Evolution Chamber  
  81  7:22  Roach x8  
  95  7:25  Queen  
  97  7:36  Zerg Missile Weapons Level 1  
  94  7:41  Drone x6  
  98  7:45  Roach  
  98  7:46  Roach  
  98  7:48  Glial Reconstitution  
  102  7:52  Overlord x2  
  102  7:57  Roach  
  104  8:02  Evolution Chamber  
  104  8:03  Roach x4  
  111  8:19  Drone x5  
  116  8:21  Extractor  
  116  8:24  Roach x5  
  116  8:26  Extractor  
  124  8:29  Hydralisk Den  
  117  8:41  Drone x2  
  119  8:46  Roach x6  
  131  8:56  Overlord x2  
  131  9:00  Lurker Den  
  130  9:07  Roach x5  
  140  9:40  Hydralisk x2  
  140  9:41  Hydralisk x2  
  140  9:42  Hydralisk  
  148  9:52  Drone, Overlord x2  
  145  9:53  Drone  
  138  10:11  Drone  
  138  10:12  Drone x5, Overlord x2  
Tags
 
Matchup
ZvZ
Player
CatZ
Race
Zerg
Spawn Locations
Cross Positions
Add a new tag
Caveats
  • Supply blocks, unpowered buildings, or Contaminate may cause inaccurate times.
  • Supply counts are checked every 10 seconds.